 Dungeon Crawl Stone Soup version 0.28-b1-1-g3c77fb2ed1 (webtiles) character file.

Game seed: 2672510132376478089

56 Kaptain the Digger (level 3, -1/23 HPs)
             Began as an Octopode Earth Elementalist on Jan 28, 2022.
             Slain by Robin (16 damage)
             ... on level 2 of the Dungeon.
             The game lasted 00:04:02 (1775 turns).

Kaptain the Digger (Octopode Earth Elementalist)    Turns: 1775, Time: 00:04:03

Health: -1/23      AC:  1    Str:  7    XL:     3   Next: 97%
Magic:  4/7        EV: 13    Int: 19    God:
Gold:   107        SH:  0    Dex: 12    Spells: 3/7 levels left

rFire   . . .      SeeInvis .   d - +0 dagger
rCold   . . .      Faith    .   (no shield)
rNeg    . . .      Spirit   .   (helmet restricted)
rPois   .          Reflect  .   (no amulet)
rElec   .          Harm     .   (no ring)
rCorr   .          Rampage  .   (no ring)
Will    .....                   (no ring)
Stlth   +++.......              (no ring)
HPRegen 0.07/turn               (no ring)
MPRegen 0.10/turn               (no ring)
                                (no ring)
                                (no ring)

@: very slightly contaminated
A: almost no armour, amphibious, 8 rings, camouflage 1, gelatinous body 1,
(nimble swimmer 1), tentacles
a: no special abilities


You were on level 2 of the Dungeon.
You visited 1 branch of the dungeon, and saw 2 of its levels.

You collected 107 gold pieces.

Inventory:

Hand Weapons
 a - a +0 war axe
 d - a +0 dagger (weapon)
Missiles
 b - 93 stones
Potions
 c - 3 potions of ambrosia {unknown}
 e - 2 potions of curing {unknown}
 f - 2 potions of lignification {unknown}
 i - a potion of resistance {unknown}


   Skills:
 + Level 1.1 Fighting
 + Level 2.2 Dodging
 + Level 3.1 Stealth
 * Level 2.7 Spellcasting
 - Level 1.0 Transmutations
 * Level 3.5 Earth Magic


You had 3 spell levels left.
You knew the following spells:

 Your Spells              Type           Power      Damage    Failure   Level
a - Sandblast             Erth           32%        2d9       3%          1
b - Stone Arrow           Conj/Erth      18%        3d8       22%         3

Your spell library contained the following spells:

 Spells                   Type           Power      Damage    Failure   Level
 Passwall                 Tmut/Erth      9%         N/A       10%         2
 Petrify                  Tmut/Erth      11%        N/A       52%         4


Dungeon Overview and Level Annotations

Branches:
Dungeon (2/15)

Altars:

Shops:
D:2 :

Annotations:
D:2 Robin


Innate Abilities, Weirdness & Mutations

You cannot wear most types of armour.
You are amphibious.
You can wear up to eight rings at the same time.
Your skin changes colour to match your surroundings (Stealth+).
Your rubbery body absorbs attacks. (AC +1, EV +1)
((You are camouflaged when in or above water. (Stealth+)))
You have tentacles for arms and can constrict up to eight enemies at once.


Message History

You kill the goblin!
You start resting.
Magic restored.
You start resting.
HP restored.
You climb downwards.
Level annotation: Robin Robin barely misses you.
There is a stone staircase leading up here.
Casting: Sandblast (safe; 3% risk of failure)
Confirm with . or Enter, or press ? or * to list all spells.
Aiming: Sandblast (safe; 3% risk of failure)
Press: ? - help, Shift-Dir - straight line, f - Robin
Aim: Robin, wielding a +0 great sword and wearing a +0 animal skin (85% to hit)
The blast of sand misses Robin.
Robin misses you.
Casting: Sandblast (safe; 3% risk of failure)
Confirm with . or Enter, or press ? or * to list all spells.
Aiming: Sandblast (safe; 3% risk of failure)
Press: ? - help, Shift-Dir - straight line, f/p - Robin
Aim: Robin, wielding a +0 great sword and wearing a +0 animal skin (85% to hit)
You miscast Sandblast.
You are very lightly contaminated with residual magic.
Nothing appears to happen.
Robin says, "Bow before me, strongest of all the hobgoblins!"
Robin hits you with a +0 great sword!
Unknown command.
Casting: Sandblast (safe; 3% risk of failure)
Confirm with . or Enter, or press ? or * to list all spells.
The spell is extremely dangerous to miscast (22% risk of failure)!
Continue anyway?
Okay, then.
Casting: Stone Arrow (extremely dangerous; 22% risk of failure)
Confirm with . or Enter, or press ? or * to list all spells.
Aiming: Sandblast (safe; 3% risk of failure)
Press: ? - help, Shift-Dir - straight line, f/p - Robin
Aim: Robin, wielding a +0 great sword and wearing a +0 animal skin (85% to hit)
The blast of sand hits Robin!
Robin is heavily wounded.
Robin hits you with a +0 great sword!
Ouch! That really hurt!
You die...

####### #.....# #####.###.####
###### #.....# #....# ####....#
#.##### ####.# #.....#.# #.#
###.#######.####.# #.#
#@#..............#
#.########g##########.#####
#............#........#### ###
##########.....###..#....# ).##
#......###...........#.##
#..######......###..####.##..#.#.
...g.)..'..................>.#.#.
.#..#####.......g#.......#####...
.##.# #........#.#..#..........


You could see Robin.

Vanquished Creatures
  An adder (D:2)
  A worm (D:2)
  A dart slug (D:1)
  4 endoplasms
  3 giant cockroaches
  13 goblins
  2 hobgoblins
  2 quokkas (D:2)
  4 bats
  3 frilled lizards (D:1)
  2 kobolds
  A rat (D:2)
  A spectral kobold (D:2)
38 creatures vanquished.

Notes
Turn   | Place    | Note
-------+----------+-------------------------------------------
     0 | D:1      | Kaptain the Octopode Earth Elementalist began the quest for
                  | the Orb.
     0 | D:1      | Reached XP level 1. HP: 11/11 MP: 3/3
   451 | D:1      | Reached XP level 2. HP: 17/17 MP: 3/5
   924 | D:2      | Found Feto's Book Shoppe.
   931 | D:2      | Found a faded altar of an unknown god.
  1197 | D:2      | Reached XP level 3. HP: 22/22 MP: 6/6
  1201 | D:2      | Learned a level 3 spell: Stone Arrow
  1345 | D:2      | Reached skill level 1 in Fighting
  1568 | D:2      | Noticed Robin
  1775 | D:2      | Slain by Robin

Illustrated notes

Levels and vault maps discovered:
D:1:      wander_arrival_chamber, layout_basic
D:2:      layout_basic, serial_shops, shop,
          dreamdust_ecumenical_altar_drowned_temple, uniq_robin

Skill      XL: |  1  2  3 |
---------------+----------+-----
Stealth        | 3 |  3.1
Fighting       | 1 |  1.1
Dodging        | |  2.2
Spellcasting   | |  2.7
Transmutations | |  1.0
Earth Magic    | |  3.5

Action                   || total
-------------------------++-------
Melee: Dagger            ||    19
       Tentacles         ||     4
       Constrict         ||     3
 Cast: Sandblast         ||    40
  Use: Scroll            ||     2
 Stab: Sleeping          ||     8
Armor: Skin              ||     1
Dodge: Dodged            ||    16
